 Dungeon Crawl Stone Soup version 0.30.0-29-ga12c61a403 (webtiles) character file.

Game seed: 12082694943969335522

61 BiteMe the Firebug (level 3, 0/24 HPs)
             Began as a Demonspawn Fire Elementalist on June 18, 2023.
             Slain by a gnoll
             ... wielding a +0 club
             ... led by a gnoll bouda
              (2 damage)
             ... on level 3 of the Dungeon.
             The game lasted 00:15:55 (3507 turns).

BiteMe the Firebug (Demonspawn Fire Elementalist)   Turns: 3507, Time: 00:15:55

Health: 0/24       AC:  3    Str:  8    XL:     3   Next: 83%
Magic:  1/7        EV: 12    Int: 18    God:
Gold:   84         SH:  0    Dex: 13    Spells: 4/7 levels left

rFire   . . .        d - +2 short sword (elec)
rCold   . . .        (no shield)
rNeg    . . .        a - +0 robe
rPois   .            (no helmet)
rElec   .            (no cloak)
rCorr   .            (no gloves)
SInv    .            j - +0 pair of boots
Will    .....        c - amulet of regeneration
Stlth   ++           (no ring)
HPRegen 1.04/turn    (no ring)
MPRegen 0.10/turn

%: no passive effects
@: no status effects
A: demonic magic 1
a: no special abilities


You were on level 3 of the Dungeon.
You visited 1 branch of the dungeon, and saw 3 of its levels.

You collected 84 gold pieces.

Inventory:

Hand Weapons
 d - a +2 short sword of electrocution (weapon)
 g - a +0 trident
 h - a +2 short sword of draining
Armour
 a - a +0 robe (worn)
 j - a +0 pair of boots (worn)
Jewellery
 c - an amulet of regeneration (around neck)
Scrolls
 e - 3 scrolls of teleportation {unknown}
 i - a scroll of enchant armour {unknown}
Potions
 b - a potion of magic
 f - 4 potions of attraction {unknown}


   Skills:
 * Level 2.1 Dodging
 - Level 1.7 Stealth
 * Level 2.8 Spellcasting
 * Level 1.8 Conjurations
 * Level 3.3 Fire Magic


You had 4 spell levels left.
You knew the following spells:

 Your Spells              Type           Power      Damage    Failure   Level
a - Foxfire               Conj/Fire      44%        2x1d6     6%          1
b - Scorch                Fire           28%        2d6       6%          2

Your spell library contained the following spells:

 Spells                   Type           Power      Damage    Failure   Level
 Inner Flame              Hex/Fire       8%         N/A       26%         3
 Volatile Blastmotes      Fire/Tloc      16%        2d11      26%         3
 Flame Wave               Conj/Fire      11%        2d6       50%         4


Dungeon Overview and Level Annotations

Branches:
Dungeon (3/15)

Altars:


Innate Abilities, Weirdness & Mutations

Spells you cast may paralyse adjacent enemies.


Message History

A gnoll bouda comes into view. It is wielding a +0 club.
Casting: Scorch (safe; 7% risk of failure)
Confirm with . or Enter, or press ? or * to list all spells.
Flames lash the endoplasm.
You kill the endoplasm!
Malevolent energies surge around you.
The gnoll bouda shouts!
The gnoll bouda barks out a call to the hunt!
The gnolls pick up the pace!
Casting: Scorch (safe; 6% risk of failure)
Confirm with . or Enter, or press ? or * to list all spells.
Flames lash the gnoll.
The gnoll is moderately wounded.
The gnoll's fire resistance burns away.
Malevolent energies surge around you.
Your foxfire dissipates!
The gnoll bouda calls upon its god to heal something.
There is an open door here.
The ball python barely misses you. x2
There is a stone staircase leading up here.
The gnoll is no longer more vulnerable to fire.
The ball python misses you. The ball python grabs you.
You stop ascending the stairs.
The ball python constricts you.
The ball python's grasp on you weakens, but your attempt to escape fails.
The ball python barely misses you. The ball python constricts you.
You barely miss the ball python.
The ball python bites you but does no damage.
The ball python constricts you. The gnoll hits you with a +0 flail.
The gnoll hits you with a +0 club!
You closely miss the ball python. The ball python closely misses you.
The ball python constricts you. The gnoll hits you with a +0 flail.
The ball python barely misses you. The ball python constricts you.
The gnoll closely misses you.
Casting: Scorch (safe; 6% risk of failure)
Confirm with . or Enter, or press ? or * to list all spells.
You don't have enough magic to cast this spell.
You can't go down here!
You escape the ball python's grasp.
The gnoll hits you with a +0 flail!
* * * LOW HITPOINT WARNING * * *
The gnoll hits you with a +0 club.
You die...

.. ###.###
...... #....
#### #†.(##g@#
#...#gSg#
+#...#go##
#!....###
.g.............
.....8.........
.............##
###.....######
+#...#.


You could see a gnoll bouda, 3 gnolls, an orc and a ball python.

Vanquished Creatures
  An adder (D:2)
  2 worms (D:2)
  A dart slug (D:2)
  8 bats
  4 endoplasms
  A giant cockroach (D:1)
  2 goblins
  2 hobgoblins (D:1)
  4 quokkas
  4 ball pythons
  7 frilled lizards
  5 kobolds
  7 rats
48 creatures vanquished.

Vanquished Creatures (others)
  117 foxfires
117 creatures vanquished.

Grand Total: 165 creatures vanquished

Notes
Turn   | Place    | Note
-------+----------+-------------------------------------------
     0 | D:1      | BiteMe the Demonspawn Fire Elementalist began the quest for
                  | the Orb.
     0 | D:1      | Reached XP level 1. HP: 13/13 MP: 3/3
   734 | D:1      | Gained mutation: Spells you cast may paralyse adjacent
                  | enemies. [demonic ancestry]
   734 | D:1      | Reached XP level 2. HP: 19/19 MP: 1/5
  1191 | D:1      | Reached skill level 3 in Fire Magic
  1315 | D:1      | Learned a level 2 spell: Scorch
  1315 | D:1      | You fall into a shaft and drop 1 floor!
  1817 | D:1      | Reached XP level 3. HP: 24/24 MP: 2/6
  3507 | D:3      | Slain by a gnoll

Illustrated notes

Levels and vault maps discovered:
D:1:      dpeg_arrival_lava_temple_mockup, layout_basic,
          chequers_serial_rivers_micro_d
D:2:      layout_rooms, minivault_24, glass_columns_a
D:3:      layout_basic, mainiacjoe_overflow_alcove_1, hangedman_decor_slide_cut,
          grunt_ministairs_6, dk_vineyard_1

Skill      XL: |  1  2 |
---------------+-------+-----
Fire Magic     | 3 |  3.3
Dodging        | 2 |  2.1
Stealth        | |  1.7
Spellcasting   | |  2.8
Conjurations   | |  1.8

Action                     || total
---------------------------++-------
  Melee: Short sword       ||    35
   Cast: Foxfire           ||    65
         Scorch            ||     5
   Stab: Paralysed         ||     1
 Armour: Robe              ||    16
  Dodge: Dodged            ||    40
